 Dungeon Crawl Stone Soup version 0.24-a0-271-ga0fc33f724 (webtiles) character file.

Game seed: 12681742288919317812

11 Esekla the Skirmisher (level 2, 0/16 HPs)
             Began as a Vine Stalker Abyssal Knight on Apr 24, 2019.
             Was a Follower of Lugonu.
             Succumbed to a goblin's poison
             ... on level 1 of the Dungeon.
             The game lasted 00:03:51 (330 turns).

Esekla the Skirmisher (Vine Stalker Abyssal Knight)  Turns: 330, Time: 00:03:52

Health: 0/16       AC:  5    Str: 14    XL:     2   Next: 25%
Magic:  4/4        EV: 11    Int:  8    God:    Lugonu [*.....]
Gold:   25         SH:  0    Dex:  9    Spells: 1/1 levels left

rFire    . . .     SeeInvis .   a - +1 falchion
rCold    + . .     Gourm    .   (no shield)
rNeg     . . .     Faith    .   b - +0 leather armour
rPois    .         Spirit   +   (no helmet)
rElec    .         Reflect  .   (no cloak)
rCorr    .         Harm     .   (no gloves)
MR       .....                  (no boots)
Stlth    +.........             (no amulet)
HPRegen  0.05/turn              f - ring of protection from cold
MPRegen  0.09/turn              (no ring)

@: lethally poisoned (0 -> -2)
A: fangs 2, molten scales 1, [clumsy 2], deterioration 2, [dopey 2], [screaming
2], magic shield, antimagic bite, no potion heal 3, rot immunity
a: Depart the Abyss, Renounce Religion


You were on level 1 of the Dungeon.
You worshipped Lugonu.
Lugonu was aware of your devotion.
You were not hungry.

You visited 1 branch of the dungeon, and saw 1 of its levels.
You visited the Abyss 1 time.

You collected 25 gold pieces.

Inventory:

Hand Weapons
 a - a +1 falchion (weapon)
 i - a +2 dagger of venom
Armour
 b - a +0 leather armour (worn)
Jewellery
 f - a ring of protection from cold (left hand)
Scrolls
 d - 2 scrolls of remove curse {unknown}
 e - a scroll of teleportation {unknown}
 h - a scroll of noise {unknown}
Comestibles
 c - 3 rations


   Skills:
 + Level 3.1 Fighting
 + Level 1.8 Long Blades
 + Level 1.6 Armour
 + Level 1.0 Dodging
 + Level 1.7 Invocations


You had one spell level left.
You didn't know any spells.
Your spell library was empty.

Dungeon Overview and Level Annotations

Branches:
Dungeon (1/15)

Altars:


Innate Abilities, Weirdness & Mutations

You have extremely sharp teeth.
When hurt, damage is shared between your health and your magic reserves.
Your bite disrupts and absorbs the magic of your enemies.
Potions cannot restore your health.
You are immune to rotting.
You are partially covered in molten scales. (AC +2)
Your body often deteriorates upon taking damage.
[You are very clumsy. (Dex -4)]
[You are very dopey. (Int -4)]
[You sometimes yell uncontrollably at your foes.]


Message History

The kobold throws a stone.
The stone hits you but does no damage.
* * * LOW HITPOINT WARNING * * *
You feel sick.
You miss the frilled lizard. The frilled lizard barely misses you.
You riposte.
You miss the frilled lizard. You miss the frilled lizard.
The frilled lizard barely misses you.
You riposte.
You hit the frilled lizard.
You kill the frilled lizard!
Lugonu accepts your kill.
A hobgoblin comes into view. It is wielding a +0 club.
You closely miss the kobold.
* * * LOW HITPOINT WARNING * * *
You feel sick.
The hobgoblin shouts!
The kobold barely misses you.
You miss the kobold. The kobold closely misses you.
You hit the kobold.
You kill the kobold!
Lugonu accepts your kill.
You die...

### #.. #.# #.#
######
#@###########.....
#.##........†....#
#g##.########.##.#
#(##.# #.##.#
#####.##.####
#.##..
#...........#
#.##..
#.###.##.##.#
#.##.# #.##.# #
...#.# #.##.. .#.


You could see a hobgoblin.

Vanquished Creatures
  A leopard gecko (D:1)
  2 bats (D:1)
  A giant cockroach (D:1)
  2 goblins (D:1)
  A kobold (D:1)
  2 frilled lizards (D:1)
9 creatures vanquished.

Notes
Turn   | Place    | Note
-------+----------+-------------------------------------------
     0 | Abyss:1  | Esekla the Vine Stalker Abyssal Knight began the quest for
                  | the Orb.
     0 | Abyss:1  | Reached XP level 1. HP: 11/11 MP: 3/3
    37 | Abyss:1  | Noticed a large abomination
    42 | Abyss:1  | Noticed a wretched star
    45 | D:1      | Escaped the Abyss
   195 | D:1      | Reached * piety under Lugonu
   234 | D:1      | Reached skill level 3 in Fighting
   300 | D:1      | Reached skill level 1 in Dodging
   300 | D:1      | Reached XP level 2. HP: 15/16 MP: 4/4
   303 | D:1      | Gained mutation: Your body sometimes deteriorates upon
                  | taking damage. [potion of mutation]
   303 | D:1      | Gained mutation: Your body often deteriorates upon taking
                  | damage. [potion of mutation]
   303 | D:1      | Gained mutation: You are partially covered in molten
                  | scales. (AC +2) [potion of mutation]
   330 | D:1      | Succumbed to a goblin's poison

Levels and vault maps discovered:
D:1:      nicolae_arrival_washed_ashore, layout_loops_ring
Abyss:1:  minivault_23

Skill      XL: |  1 |
---------------+----+-----
Fighting       | 3 |  3.1
Dodging        | 1 |  1.0
Long Blades    | |  1.8
Armour         | |  1.6
Invocations    | |  1.7

Action                   || total
-------------------------++-------
Melee: Falchion          ||    28
       Bite              ||     4
Invok: Depart the Abyss  ||     1
  Use: Potion            ||     1
Armor: Leather armour    ||    10
Dodge: Dodged            ||    25
       Rpst.: Falchion   ||     9

Table legend:
 A = Non-vault XP
 B = Vault XP
 C = Vault XP percentage of total XP
 D = Non-vault monster count
 E = Vault monster count
 F = Vault count percentage of total count
                 A         B        C        D         E       F
            +---------+---------+-------+---------+---------+-------
      Total |      16 |       0 |   0.0 |       9 |       0 |   0.0
            +---------+---------+-------+---------+---------+-------
        D:1 |      16 |       0 |   0.0 |       9 |       0 |   0.0
            +---------+---------+-------+---------+---------+-------
